 Dungeon Crawl Stone Soup version 0.28.0-53-g5a82cb258f (webtiles) character file.

Game seed: 10859555549450249021

165 CryoSword the Magician (level 5, -2/39 HPs)
             Began as a Demonspawn Hedge Wizard on June 2, 2022.
             Killed by divine providence
             ... invoked by an orc priest
              (11 damage)
             ... on level 3 of the Dungeon.
             The game lasted 00:06:38 (4110 turns).

CryoSword the Magician (Demonspawn Hedge Wizard)    Turns: 4110, Time: 00:06:39

Health: -2/39      AC:  3    Str: 12    XL:     5   Next: 22%
Magic:  9/9        EV: 12    Int: 20    God:
Gold:   49         SH:  0    Dex: 12    Spells: 5/10 levels left

rFire   . . .      SeeInvis +   a - +1 whip (elec)
rCold   . . .      Faith    .   (no shield)
rNeg    . . .      Spirit   .   b - +0 robe
rPois   .          Reflect  .   n - +0 helmet
rElec   .          Harm     .   (no cloak)
rCorr   .          Rampage  .   (no gloves)
Will    .....                   (no boots)
Stlth   ++........              (no amulet)
HPRegen 0.13/turn               k - ring of see invisible
MPRegen 0.11/turn               c - ring of wizardry

@: no status effects
A: powered by pain 1, big brain 2, demonic touch 1
a: no special abilities


You were on level 3 of the Dungeon.
You visited 1 branch of the dungeon, and saw 3 of its levels.

You collected 94 gold pieces.
You spent 45 gold pieces at shops.

Inventory:

Hand Weapons
 a - a +1 whip of electrocution (weapon)
   (You took it off a kobold on level 1 of the Dungeon)
Armour
 b - a +0 robe (worn)
 m - a +0 kite shield
   (You bought it in a shop on level 2 of the Dungeon)
 n - a +0 helmet (worn)
   (You took it off Robin on level 2 of the Dungeon)
Jewellery
 c - a ring of wizardry (right hand)
   (You found it on level 3 of the Dungeon)
 k - a ring of see invisible (left hand)
   (You took it off a goblin on level 1 of the Dungeon)
Scrolls
 e - a scroll of fog
 f - a scroll of teleportation {unknown}
 j - a scroll of immolation {unknown}
 l - a scroll of blinking {unknown}
Potions
 d - a potion of invisibility
 g - a potion of flight {unknown}
 h - a potion of lignification {!q}
 i - a potion of resistance {unknown}


   Skills:
 + Level 2.4 Fighting
 * Level 2.1 Maces & Flails
 - Level 2.0 Dodging
 - Level 2.0 Stealth
 * Level 1.0 Shields
 - Level 3.0 Spellcasting
 - Level 1.0 Conjurations
 * Level 2.5 Summonings
 * Level 1.1 Translocations


You had 5 spell levels left.
You knew the following spells:

 Your Spells              Type           Power      Damage    Failure   Level
a - Magic Dart            Conj           28%        1d4       4%          1
b - Call Imp              Summ           13%        N/A       3%          2
B - Blink                 Tloc           14%        N/A       5%          2

Your spell library contained the following spells:

 Spells                   Type           Power      Damage    Failure   Level
 Animate Skeleton         Necr           6%         N/A       6%          1
 Pain                     Necr           12%        1d4       6%          1
 Slow                     Hex            12%        N/A       6%          1
 Conjure Flame            Conj/Fire      5%         6-21      14%         3
 Inner Flame              Hex/Fire       3%         N/A       16%         3
 Mephitic Cloud           Conj/Pois/Air  4%         N/A       16%         3
 Vampiric Draining        Necr           3%         2d6       16%         3
 Cause Fear               Hex            1%         N/A       45%         4
 Discord                  Hex            1%         N/A       100%        8


Dungeon Overview and Level Annotations

Branches:
Dungeon (3/15)

Altars:

Shops:
D:2 [


Innate Abilities, Weirdness & Mutations

You sometimes gain a little power by taking damage.
You have an extremely huge brain. (Int +4)
Your touch may inflict minor irresistible damage on your foes.


Message History

Found 20 arrows.
Things that are here:
a +0 dagger of pain; a goblin corpse
Found a mace.
Found an escape hatch in the floor.
Could not explore, unopened door.
Could not explore, unopened door.
You open the door.
There is an open door here.
An endoplasm comes into view.
Found a knobbly moonstone ring.
An endoplasm is nearby!
An endoplasm is nearby!
The endoplasm quivers.
The endoplasm freezes you.
You are frozen.
You hit the endoplasm but do no damage. The endoplasm freezes you.
You are frozen.
You hit the endoplasm.
The endoplasm hits you but does no damage.
You completely miss the endoplasm. The endoplasm closely misses you.
You barely miss the endoplasm. The endoplasm misses you.
You hit the endoplasm.
You kill the endoplasm!
No target in view!
c - a ring of wizardry
c - a ring of wizardry (right hand)
The goblin shouts!
Something unseen opens the door.
You sense a monster nearby.
A goblin is nearby!
Found a +0 club.
The goblin hits you with a +0 spear.
You hit the goblin.
You kill the goblin!
No target in view!
There is an open door here.
Things that are here:
a +0 spear; a goblin corpse
Found an escape hatch in the ceiling.
Found a stone staircase leading down.
Found a stone staircase leading down.
A dart slug comes into view.
A dart slug is nearby!
A dart slug is nearby!
A dart slug is nearby!
The helpless dart slug fails to defend itself.
You whack the dart slug! You hit the dart slug.
Lightning courses through the dart slug!!
You kill the dart slug!
No target in view!
No target in view!
No target in view!
No target in view!
No target in view!
No target in view!
No target in view!
No target in view!
Found a chain mail.
You see here a +0 chain mail.
An adder comes into view.
An adder is nearby!
An adder is nearby!
The adder closely misses you.
You hit the adder. The adder bites you but does no damage.
You barely miss the adder. The adder barely misses you.
You hit the adder. The adder bites you. The adder barely misses you.
You hit the adder. Lightning courses through the adder!
You kill the adder!
Training target 2.0 for Stealth reached!
Your Stealth skill increases to level 2!
No target in view!
No target in view!
No target in view!
No target in view!
You see here an adder corpse.
Found a spear.
Found a stone staircase leading up.
A goblin comes into view. It is wielding a +0 club.
A goblin is nearby!
A goblin is nearby!
The goblin shouts!
You hit the goblin. The goblin hits you with a +0 club.
You barely miss the goblin. The goblin barely misses you.
You closely miss the goblin. Your touch misses the goblin.
The goblin hits you with a +0 club.
You closely miss the goblin. The goblin closely misses you.
You closely miss the goblin. The goblin hits you but does no damage.
You hit the goblin.
You kill the goblin!
Your Maces & Flails skill increases to level 2!
No target in view!
Found a dagger.
Found a helmet.
Found a stone staircase leading up.
A goblin comes into view. It is wielding a +0 dagger.
A goblin is nearby!
There is a stone staircase leading up here.
You see here a +0 helmet.
The goblin shouts!
You hit the goblin. Your touch misses the goblin.
An ufetubus comes into view.
The goblin barely misses you.
The ufetubus shouts!
You hit the goblin. Lightning courses through the goblin!
You kill the goblin!
Your Translocations skill increases to level 1!
The ufetubus barely misses you. The ufetubus hits you.
You hit the ufetubus but do no damage. Your touch misses the ufetubus.
The ufetubus misses you. The ufetubus closely misses you.
You barely miss the ufetubus. Your touch misses the ufetubus.
The ufetubus hits you. The ufetubus completely misses you.
The ufetubus misses you. The ufetubus completely misses you.
You hit the ufetubus.
Lightning courses through the ufetubus!!
You kill the ufetubus!
You have reached level 5!
Your demonic ancestry asserts itself...
Your brain expands.
You now have 49 gold pieces (gained 8).
Things that are here:
a +0 dagger; a goblin corpse
g - a red potion An orc comes into view.
It is wielding a +0 mace.
An orc comes into view. It is wielding a +3 dagger.
An orc wizard comes into view. It is wielding a +0 dagger.
Found a scroll labelled BOPIUC VAPAO.
The orc wizard shouts!
The orc shouts!
You hear a shout!
An orc comes into view. It is wielding a +0 whip.
An orc priest comes into view. It is wielding a +0 falchion.
The orc priest shouts!
The orc priest invokes the aid of Beogh against you.
Beogh smites you!
You hit the orc wizard.
Lightning courses through the orc wizard!
You kill the orc wizard!
The orc barely misses you.
Your Shields skill increases to level 1!
The orc priest mumbles some strange prayers to Beogh against you.
Beogh smites you!
* * * LOW HITPOINT WARNING * * *
The orc closely misses you.
The orc priest looks satisfied for a moment.
The orc priest invokes the aid of Beogh against you.
Beogh smites you!
* * * LOW HITPOINT WARNING * * *
The orc priest miscasts a cantrip.
The orc priest invokes the aid of Beogh against you.
Beogh smites you!
You die...

.... #####...#### ...........#
##############
..........####.............
....)....##.......########
#....##.......##.# #.o.
#.......).....##.# #.##
.####.....#.[......o.# #.##
.........<..@.o....o.#####o##
#.######.#.#................##
#.######.#.#..........#######
#..<.....#.#........###
#...)..###.########.#
##.###.###.# ###
###...#.#.##.# .......###...#
...#......#


You could see an orc priest and 2 orcs.

Vanquished Creatures
  An orc wizard (D:3)
  2 gnolls (D:2)
  2 adders
  An ufetubus (D:3)
  A worm (D:1)
  2 dart slugs
  7 endoplasms
  14 goblins
  2 hobgoblins (D:2)
  3 jackals (D:2)
  A quokka (D:2)
  5 ball pythons
  2 bats
  4 frilled lizards
  3 kobolds
50 creatures vanquished.

Vanquished Creatures (collateral kills)
  Robin (D:2)
  2 gnolls (D:2)
  An adder (D:2)
  A ball python (D:2)
  A goblin (D:1)
6 creatures vanquished.

Vanquished Creatures (others)
  2 plants (D:1)
2 creatures vanquished.

Grand Total: 58 creatures vanquished

Notes
Turn   | Place    | Note
-------+----------+-------------------------------------------
     0 | D:1      | CryoSword the Demonspawn Hedge Wizard began the quest for
                  | the Orb.
     0 | D:1      | Reached XP level 1. HP: 13/13 MP: 4/4
   666 | D:1      | Reached skill level 1 in Fighting
   935 | D:1      | Gained mutation: You sometimes gain a little power by
                  | taking damage. [demonic ancestry]
   935 | D:1      | Reached XP level 2. HP: 22/22 MP: 0/6
   947 | D:1      | Learned a level 2 spell: Call Imp
  1865 | D:2      | Gained mutation: Your touch may inflict minor irresistible
                  | damage on your foes. [demonic ancestry]
  1865 | D:2      | Reached XP level 3. HP: 26/27 MP: 7/7
  2011 | D:2      | Noticed Robin
  2017 | D:2      | Reached skill level 1 in Maces & Flails
  2828 | D:2      | Found Janeafem's Armour Shop.
  2927 | D:2      | Bought a +0 kite shield for 45 gold pieces
  2950 | D:2      | Gained mutation: You have an unusually large brain. (Int
                  | +2) [demonic ancestry]
  2950 | D:2      | Reached XP level 4. HP: 33/33 MP: 8/8
  3369 | D:2      | Killed Robin
  3587 | D:3      | Learned a level 2 spell: Blink
  4004 | D:3      | Reached skill level 1 in Translocations
  4009 | D:3      | Gained mutation: You have an extremely huge brain. (Int +4)
                  | [demonic ancestry]
  4009 | D:3      | Reached XP level 5. HP: 34/39 MP: 9/9
  4081 | D:3      | Reached skill level 1 in Shields
  4110 | D:3      | Killed from afar by an orc priest

Illustrated notes

Levels and vault maps discovered:
D:1:      onia_arrival_mini_maze_b, layout_rooms, serial_bayou_lake_a
D:2:      layout_loops_corners, serial_shops, nicolae_square_shop, uniq_robin
D:3:      layout_loops_ring, corexii_shack, minmay_misc_feat_doors,
          amcnicky_mini_rare_corridor_liquid, uniq_crazy_yiuf_cottage

Skill      XL: |  1  2  3  4  5 |
---------------+----------------+-----
Fighting       | 1 2 |  2.4
Maces & Flails | 1 2 |  2.1
Summonings     | 2 |  2.5
Dodging        | 2 |  2.0
Stealth        | 2 |  2.0
Translocations | 1 |  1.1
Shields        | 1 |  1.0
Spellcasting   | |  3.0
Conjurations   | |  1.0

Action                   |  1- 3 |  4- 6 || total
-------------------------+-------+-------++-------
Melee: Dagger            |    11 |       ||    11
       Whip              |    74 |    53 ||   127
       Touch             |     4 |     3 ||     7
 Cast: Magic Dart        |    25 |       ||    25
       Call Imp          |     4 |     5 ||     9
  Use: Scroll            |       |     3 ||     3
 Stab: Sleeping          |     5 |     2 ||     7
Armor: Robe              |    14 |     3 ||    17
Dodge: Dodged            |    73 |    30 ||   103
